Wild vs Predators
Created - 8 mars 2013 at 19:10
Goals
|
| Wild |
1 |
2 |
1 |
4 |
| Predators |
1 |
1 |
1 |
3 |
|
Shots
|
| Wild |
13 |
12 |
5 |
30 |
| Predators |
11 |
5 |
6 |
22 |
|
1st period
1. Predators , Alexander Ovechkin 27 (Joe Thornton) at 0:10
2. Wild , R.J. Umberger 10 (Fedor Tyutin, Mark Recchi) at 2:08
Penalties :
Michael Grabner (Nas) for Hooking (Minor) at 3:41
2nd period
3. Predators , Richard Park 1 (Todd White, Ryan Mcdonagh) at 6:02
4. Wild , Chris Drury 24 (R.J. Umberger, Mark Recchi) at 13:09
5. Wild , Mark Recchi 20 (Chris Drury) at 16:02
Penalties :
Jean-Pierre Dumont (Nas) for Hooking (Minor) at 19:34
3rd period
6. Predators , Mike Ribeiro 16 (Alexander Steen) at 8:17
7. Wild , Adam Deadmarsh 8 (Nathan Dempsey) at 9:22
Penalties :
Vaclav Prospal (Min) for Diving (Minor) at 11:20
Goalie Stats
Martin Brodeur (Min), 19 saves from 22 shots - (0,864), W, 21-18-2, 60:00 minutes
Rick DiPietro (Nas), 26 saves from 30 shots - (0,867), L, 19-13-2, 59:21 minutes
Players Stats for Wild
Player Name G A P +/- PIM S H SB GA TA FO MP PP MP PK MP
------------------------------------------------------------------------------------
Adam Deadmarsh 1 0 1 0 0 2 0 0 0 0 0/0 12:18 0:09 0:00
Anson Carter 0 0 0 0 0 0 1 0 0 1 0/0 17:12 1:33 0:00
Bret Hedican 0 0 0 0 0 1 1 3 0 0 0/0 19:46 1:58 0:50
Chris Drury 1 1 2 1 0 4 2 1 1 0 12/29 20:15 2:16 0:41
Chris Higgins 0 0 0 0 0 2 0 0 0 0 0/0 14:01 0:09 0:45
Danil Markov 0 0 0 1 0 0 1 3 0 1 0/0 14:47 0:00 0:06
Fedor Tyutin 0 1 1 0 0 0 4 2 0 1 0/0 19:46 1:58 0:50
Fredrik Modin 0 0 0 0 0 0 1 0 0 0 0/0 8:21 0:00 0:16
Jozef Stumpel 0 0 0 0 0 2 3 0 0 0 1/1 17:12 1:33 0:00
Mark Recchi 1 2 3 1 0 4 2 1 0 0 0/0 19:28 2:16 0:00
Mike Green 0 0 0 0 0 3 2 0 0 1 0/0 25:27 2:00 1:03
Mike Knuble 0 0 0 0 0 1 2 1 0 0 0/0 8:57 0:00 0:58
Mike Ricci 0 0 0 0 0 2 0 0 0 0 1/2 9:25 0:09 0:19
Nathan Dempsey 0 1 1 0 0 1 2 0 0 1 0/0 25:27 2:00 1:03
Niclas Wallin 0 0 0 1 0 0 1 1 0 0 0/0 14:47 0:00 0:06
R.J. Umberger 1 1 2 1 0 4 4 0 1 2 3/4 19:28 2:16 0:00
Rod Brind'Amour 0 0 0 0 0 0 3 1 1 0 4/7 14:06 0:00 0:59
Vaclav Prospal 0 0 0 0 2 4 3 1 0 0 4/8 17:17 1:33 0:00
Players Stats for Predators
Player Name G A P +/- PIM S H SB GA TA FO MP PP MP PK MP
------------------------------------------------------------------------------------
Adrian Aucoin 0 0 0 -1 0 1 6 1 1 1 0/0 25:35 1:10 1:56
Alexander Ovechkin 1 0 1 -1 0 7 0 0 1 0 0/1 21:31 1:05 0:04
Alexander Steen 0 1 1 0 0 1 2 0 0 0 0/1 15:41 0:54 0:04
Barret Jackman 0 0 0 -1 0 0 3 3 0 1 0/0 18:15 0:00 2:02
Jean-Pierre Dumont 0 0 0 -1 2 1 0 1 1 0 1/1 21:27 1:02 0:00
Joe Thornton 0 1 1 -1 0 1 3 0 0 0 17/29 20:02 1:05 0:00
Kent Huskins 0 0 0 1 0 2 0 0 0 0 0/0 17:33 0:49 2:02
Mariusz Czerkawski 0 0 0 1 0 0 0 1 0 0 0/0 7:34 0:00 0:00
Michael Grabner 0 0 0 0 2 0 1 1 0 0 0/0 15:36 0:54 0:00
Mikael Samuelsson 0 0 0 -1 0 3 1 1 0 0 0/0 12:24 0:03 0:00
Mike Ribeiro 1 0 1 0 0 2 1 0 2 0 5/10 15:25 0:54 0:00
Mike Sillinger 0 0 0 -1 0 1 2 0 0 1 1/5 13:15 0:00 1:55
Oleg Saprykin 0 0 0 -1 0 1 0 0 1 0 0/1 13:35 0:00 1:59
Paul Mara 0 0 0 1 0 1 1 1 0 0 0/0 14:35 0:00 0:00
Richard Park 1 0 1 1 0 1 1 0 0 0 0/0 9:29 0:00 1:55
Robyn Regehr 0 0 0 -1 0 0 0 4 1 0 0/0 20:04 0:49 1:56
Ryan Mcdonagh 0 1 1 -1 0 0 0 1 0 0 0/0 23:58 1:10 0:00
Todd White 0 1 1 1 0 0 0 0 0 0 2/3 10:01 0:00 1:59
3 Stars
1 - Mark Recchi (Min)
2 - R.J. Umberger (Min)
3 - Chris Drury (Min)
Power Play
Wild - 0 on 2 Attempt(s) - 0,00%
Predators - 0 on 1 Attempt(s) - 0,00%
Penalty Kill
Wild - 1 on 1 Attempt(s) - 100,00%
- Score 0 goal in Penalty Kill
Predators - 2 on 2 Attempt(s) - 100,00%
- Score 0 goal in Penalty Kill
Official
Referees : Ciamaga Chris and StPierre Justin
Linesman : Scott Cherrey and Derek Amell
Game Notes
No Game Note
Finance
Level 1 -- Attendance: 5232 (87,20%) -- Ticket Income 465 648 $
Level 2 -- Attendance: 3764 (75,28%) -- Ticket Income 237 132 $
Level 3 -- Attendance: 1727 (86,35%) -- Ticket Income 56 991 $
Level 4 -- Attendance: 3902 (97,55%) -- Ticket Income 78 040 $
Luxury Box -- Attendance: 847 (84,70%) -- Ticket Income 160 083 $
Game was played at the Wildcat center
Total Attendance: 15472 (85,96%)
Total Ticket Income: 997 894 $
Total Income: 997 894 $
Wild
5 vs 5 Forward
Center Left Wing Right Wing Time % Phy DF OF
1 Chris Drury R.J. Umberger Mark Recchi 40 0 1 4
2 Vaclav Prospal Jozef Stumpel Anson Carter 30 1 1 3
3 Rod Brind'Amour Chris Higgins Adam Deadmarsh 20 1 3 1
4 Mike Ricci Fredrik Modin Mike Knuble 10 1 1 3
5 vs 5 Defense
Defense Defense Time % Phy DF OF
1 Mike Green Nathan Dempsey 40 1 3 1
2 Fedor Tyutin Bret Hedican 30 2 2 1
3 Niclas Wallin Danil Markov 20 1 3 1
4 Nathan Dempsey Mike Green 10 2 2 1
PowerPlay Forward
Center Left Wing Right Wing Time % Phy DF OF
1 Chris Drury R.J. Umberger Mark Recchi 60 0 1 4
2 Vaclav Prospal Jozef Stumpel Anson Carter 40 1 0 4
PowerPlay Defense
Defense Defense Time % Phy DF OF
1 Mike Green Nathan Dempsey 60 0 1 4
2 Fedor Tyutin Bret Hedican 40 1 0 4
Penalty Kill 4 Players Forward
Center Wing Time % Phy DF OF
1 Rod Brind'Amour Mike Knuble 60 2 3 0
2 Mike Ricci Chris Higgins 40 2 3 0
Penalty Kill 4 Players Defense
Defense Defense Time % Phy DF OF
1 Mike Green Nathan Dempsey 60 3 2 0
2 Fedor Tyutin Bret Hedican 40 3 2 0
Penalty Kill - 3 Players Forward
Forward Time % Phy DF OF
1 Rod Brind'Amour 60 3 2 0
2 Mike Ricci 40 3 2 0
Penalty Kill - 3 Players Defense
Defense Defense Time % Phy DF OF
1 Danil Markov Niclas Wallin 60 2 3 0
2 Fedor Tyutin Bret Hedican 40 2 3 0
4 vs 4 Forward
Center Wing Time % Phy DF OF
1 Mark Recchi Chris Drury 60 1 1 3
2 Jozef Stumpel Vaclav Prospal 40 1 1 3
4 vs 4 Defense
Defense Defense Time % Phy DF OF
1 Mike Green Nathan Dempsey 60 2 2 1
2 Fedor Tyutin Bret Hedican 40 2 2 1
Last Minutes Offensive
Center Left Wing Right Wing Defense Defense
Chris Drury Jozef Stumpel Mark Recchi Mike Green Nathan Dempsey
Last Minutes Defensive
Center Left Wing Right Wing Defense Defense
Rod Brind'Amour Mike Ricci Chris Higgins Danil Markov Niclas Wallin
Goaltenders
Starting : Martin Brodeur
Backup : Jamie Storr
Extra Forwards
Normal : Chris Drury, Mark Recchi, Vaclav Prospal - PP : Chris Drury, Mark Recchi - PK : Rod Brind'Amour
Extra Defensemen
Normal : Mike Green, Bret Hedican, Nathan Dempsey - PP : Mike Green - PK : Danil Markov, Niclas Wallin
Penalty Shots
Mark Recchi, Chris Drury, Jozef Stumpel, Vaclav Prospal, Mike Ricci
Predators
5 vs 5 Forward
Center Left Wing Right Wing Time % Phy DF OF
1 Joe Thornton Alexander Ovechkin Jean-Pierre Dumont 45 0 1 4
2 Mike Ribeiro Alexander Steen Michael Grabner 30 1 1 3
3 Mike Sillinger Oleg Saprykin Mikael Samuelsson 20 1 2 2
4 Todd White Richard Park Mariusz Czerkawski 5 1 2 2
5 vs 5 Defense
Defense Defense Time % Phy DF OF
1 Adrian Aucoin Ryan Mcdonagh 40 1 2 2
2 Robyn Regehr Barret Jackman 30 1 2 2
3 Kent Huskins Paul Mara 25 1 2 2
4 Adrian Aucoin Ryan Mcdonagh 5 1 2 2
PowerPlay Forward
Center Left Wing Right Wing Time % Phy DF OF
1 Joe Thornton Alexander Ovechkin Jean-Pierre Dumont 60 0 1 4
2 Mike Ribeiro Alexander Steen Michael Grabner 40 0 1 4
PowerPlay Defense
Defense Defense Time % Phy DF OF
1 Adrian Aucoin Ryan Mcdonagh 60 1 1 3
2 Robyn Regehr Kent Huskins 40 1 1 3
Penalty Kill 4 Players Forward
Center Wing Time % Phy DF OF
1 Mike Sillinger Richard Park 50 1 3 1
2 Todd White Oleg Saprykin 50 1 3 1
Penalty Kill 4 Players Defense
Defense Defense Time % Phy DF OF
1 Adrian Aucoin Robyn Regehr 50 1 3 1
2 Barret Jackman Kent Huskins 50 1 3 1
Penalty Kill - 3 Players Forward
Forward Time % Phy DF OF
1 Mike Sillinger 50 1 3 1
2 Todd White 50 1 3 1
Penalty Kill - 3 Players Defense
Defense Defense Time % Phy DF OF
1 Adrian Aucoin Robyn Regehr 50 1 3 1
2 Ryan Mcdonagh Kent Huskins 50 1 3 1
4 vs 4 Forward
Center Wing Time % Phy DF OF
1 Joe Thornton Alexander Ovechkin 60 1 2 2
2 Mike Ribeiro Jean-Pierre Dumont 40 1 2 2
4 vs 4 Defense
Defense Defense Time % Phy DF OF
1 Adrian Aucoin Ryan Mcdonagh 60 1 2 2
2 Robyn Regehr Barret Jackman 40 1 2 2
Last Minutes Offensive
Center Left Wing Right Wing Defense Defense
Joe Thornton Alexander Ovechkin Jean-Pierre Dumont Adrian Aucoin Robyn Regehr
Last Minutes Defensive
Center Left Wing Right Wing Defense Defense
Joe Thornton Alexander Ovechkin Jean-Pierre Dumont Adrian Aucoin Robyn Regehr
Goaltenders
Starting : Rick DiPietro
Backup : Nikolai Khabibulin
Extra Forwards
Normal : Mikael Samuelsson, Joe Thornton, Alexander Ovechkin - PP : Mikael Samuelsson, Mike Sillinger - PK : Alexander Ovechkin
Extra Defensemen
Normal : Ryan Mcdonagh, Adrian Aucoin, Robyn Regehr - PP : Paul Mara - PK : Ryan Mcdonagh, Paul Mara
Penalty Shots
Alexander Ovechkin, Mike Ribeiro, Joe Thornton, Jean-Pierre Dumont, Mike Sillinger
% Time on Ice - Wild
Lines # - Real PCT - Wanted PCT - Time Play
Normal Forward
1 - 33% - 40% - 17:18
2 - 29% - 30% - 15:39
3 - 23% - 20% - 12:09
4 - 15% - 10% - 7:59
Normal Defense
1 - 37% - 40% - 19:29
2 - 32% - 30% - 16:58
3 - 26% - 20% - 13:37
4 - 6% - 10% - 3:01
PP Forward
1 - 61% - 60% - 2:25
2 - 39% - 40% - 1:33
PP Defense
1 - 50% - 60% - 2:00
2 - 50% - 40% - 1:58
PK Forward
1 - 84% - 60% - 1:40
2 - 16% - 40% - 0:19
PK Defense
1 - 58% - 60% - 1:09
2 - 42% - 40% - 0:50
PK3 Forward
1 - 0% - 60%
2 - 0% - 40%
PK3 Defense
1 - 0% - 60%
2 - 0% - 40%
44 Forward
1 - 0% - 60%
2 - 0% - 40%
44 Defense
1 - 0% - 60%
2 - 0% - 40%
Last Minute Offensive - 0:00
Last Minute Defensive - 0:58
Total
Forward - 60:00
Defense - 60:00
|
% Time on Ice - Predators
Lines # - Real PCT - Wanted PCT - Time Play
Normal Forward
1 - 36% - 45% - 19:09
2 - 28% - 30% - 14:59
3 - 21% - 20% - 11:20
4 - 14% - 5% - 7:34
Normal Defense
1 - 39% - 40% - 20:52
2 - 31% - 30% - 16:34
3 - 27% - 25% - 14:14
4 - 3% - 5% - 1:22
PP Forward
1 - 55% - 60% - 1:05
2 - 45% - 40% - 0:54
PP Defense
1 - 59% - 60% - 1:10
2 - 41% - 40% - 0:49
PK Forward
1 - 50% - 50% - 1:59
2 - 50% - 50% - 1:59
PK Defense
1 - 49% - 50% - 1:56
2 - 51% - 50% - 2:02
PK3 Forward
1 - 0% - 50%
2 - 0% - 50%
PK3 Defense
1 - 0% - 50%
2 - 0% - 50%
44 Forward
1 - 0% - 60%
2 - 0% - 40%
44 Defense
1 - 0% - 60%
2 - 0% - 40%
Last Minute Offensive - 1:01
Last Minute Defensive - 0:00
Total
Forward - 60:00
Defense - 60:00
|
Play by Play
1st period
0:01 of 1st period - Joe Thornton wins face-off versus Chris Drury in neutral zone.
0:10 of 1st period - Snap shot by Alexander Ovechkin.
0:10 of 1st period - Goal by Alexander Ovechkin - Wild : 0 - Predators : 1.
0:11 of 1st period - Vaclav Prospal wins face-off versus Mike Ribeiro in neutral zone.
0:36 of 1st period - Oleg Saprykin is hit by Fedor Tyutin and loses puck.
1:01 of 1st period - Jean-Pierre Dumont is hit by R.J. Umberger and loses puck.
1:54 of 1st period - Wrist shot by Oleg Saprykin.
1:54 of 1st period - Stopped by Martin Brodeur without a rebound.
1:55 of 1st period - R.J. Umberger wins face-off versus Mike Sillinger in Wild zone.
2:04 of 1st period - Slapshot by Mark Recchi.
2:04 of 1st period - Shot Misses the Net.
2:06 of 1st period - Slapshot by Fedor Tyutin.
2:06 of 1st period - Shot Misses the Net.
2:08 of 1st period - Slapshot by R.J. Umberger.
2:08 of 1st period - Goal by R.J. Umberger - Wild : 1 - Predators : 1.
2:09 of 1st period - Joe Thornton wins face-off versus Rod Brind'Amour in neutral zone.
2:36 of 1st period - Ryan Mcdonagh is hit by R.J. Umberger and loses puck.
2:58 of 1st period - Icing by Barret Jackman.
2:59 of 1st period - Jozef Stumpel wins face-off versus Oleg Saprykin in Predators zone.
3:08 of 1st period - Wrist shot by Vaclav Prospal.
3:08 of 1st period - Stopped by Rick DiPietro with a rebound.
3:10 of 1st period - Wrist shot by Bret Hedican.
3:10 of 1st period - Shot Blocked by Robyn Regehr.
3:12 of 1st period - Snap shot by Vaclav Prospal.
3:12 of 1st period - Stopped by Rick DiPietro without a rebound.
3:13 of 1st period - Joe Thornton wins face-off versus Chris Drury in Predators zone.
3:13 of 1st period - Joe Thornton is hit by Mark Recchi.
3:39 of 1st period - Mike Ribeiro is hit by Vaclav Prospal and loses puck.
3:41 of 1st period - Minor Penalty to Michael Grabner for Hooking.
3:42 of 1st period - Mike Sillinger wins face-off versus Chris Drury in Predators zone.
4:21 of 1st period - Wrist shot by Vaclav Prospal.
4:21 of 1st period - Shot Misses the Net.
4:23 of 1st period - Wrist shot by Anson Carter.
4:23 of 1st period - Shot Blocked by Barret Jackman.
5:41 of 1st period - Penalty to Michael Grabner is over, Michael Grabner is back on ice.
5:52 of 1st period - Wrist shot by Alexander Steen.
5:52 of 1st period - Stopped by Martin Brodeur without a rebound.
5:53 of 1st period - Jean-Pierre Dumont wins face-off versus Mike Ricci in Wild zone.
6:25 of 1st period - Fedor Tyutin is hit by Michael Grabner and loses puck.
7:19 of 1st period - Jean-Pierre Dumont is hit by Bret Hedican and loses puck.
7:32 of 1st period - Mike Green is hit by Mike Sillinger.
7:40 of 1st period - Snap shot by R.J. Umberger.
7:40 of 1st period - Shot Misses the Net.
7:42 of 1st period - Snap shot by Chris Drury.
7:42 of 1st period - Shot Blocked by Adrian Aucoin.
7:58 of 1st period - Ryan Mcdonagh is hit by Mike Green.
8:03 of 1st period - Off-side.
8:04 of 1st period - Joe Thornton wins face-off versus Chris Drury in neutral zone.
8:07 of 1st period - Snap shot by Alexander Ovechkin.
8:07 of 1st period - Shot Hit the Post.
8:17 of 1st period - Wrist shot by Alexander Ovechkin.
8:17 of 1st period - Stopped by Martin Brodeur with a rebound.
8:19 of 1st period - Slapshot by Kent Huskins.
8:19 of 1st period - Deflect By R.J. Umberger.
8:19 of 1st period - Stopped by Martin Brodeur with a rebound.
8:21 of 1st period - Slapshot by Kent Huskins.
8:21 of 1st period - Shot Blocked by Danil Markov.
8:31 of 1st period - Michael Grabner is hit by Jozef Stumpel and loses puck.
8:38 of 1st period - Slapshot by Jozef Stumpel.
8:38 of 1st period - Shot Misses the Net.
8:40 of 1st period - Snap shot by Jozef Stumpel.
8:40 of 1st period - Shot Blocked by Paul Mara.
8:56 of 1st period - Wrist shot by Chris Higgins.
8:56 of 1st period - Stopped by Rick DiPietro without a rebound.
8:57 of 1st period - Joe Thornton wins face-off versus Rod Brind'Amour in Predators zone.
9:10 of 1st period - Snap shot by Mike Green.
9:10 of 1st period - Stopped by Rick DiPietro with a rebound.
9:28 of 1st period - Wrist shot by Mark Recchi.
9:28 of 1st period - Shot Misses the Net.
9:48 of 1st period - Wrist shot by Jozef Stumpel.
9:48 of 1st period - Shot Blocked by Ryan Mcdonagh.
9:50 of 1st period - Slapshot by Mike Green.
9:50 of 1st period - Stopped by Rick DiPietro without a rebound.
9:51 of 1st period - Joe Thornton wins face-off versus Vaclav Prospal in Predators zone.
9:56 of 1st period - Snap shot by Alexander Ovechkin.
9:56 of 1st period - Stopped by Martin Brodeur with a rebound.
10:18 of 1st period - Mark Recchi is hit by Adrian Aucoin and loses puck.
10:29 of 1st period - Wrist shot by Chris Drury.
10:29 of 1st period - Stopped by Rick DiPietro with a rebound.
10:43 of 1st period - Slapshot by Chris Higgins.
10:43 of 1st period - Shot Misses the Net.
11:05 of 1st period - Richard Park is hit by Mike Knuble and loses puck.
11:12 of 1st period - Mike Green is hit by Barret Jackman.
11:25 of 1st period - Off-side.
11:26 of 1st period - Vaclav Prospal wins face-off versus Joe Thornton in neutral zone.
11:50 of 1st period - Snap shot by Joe Thornton.
11:50 of 1st period - Shot Misses the Net.
11:52 of 1st period - Snap shot by Jean-Pierre Dumont.
11:52 of 1st period - Shot Blocked by Fedor Tyutin.
11:54 of 1st period - Wrist shot by Joe Thornton.
11:54 of 1st period - Deflect By Alexander Ovechkin.
11:54 of 1st period - Stopped by Martin Brodeur with a rebound.
11:56 of 1st period - Slapshot by Barret Jackman.
11:56 of 1st period - Shot Misses the Net.
12:15 of 1st period - Off-side.
12:16 of 1st period - Mike Ribeiro wins face-off versus Chris Drury in neutral zone.
12:32 of 1st period - Paul Mara is hit by Mark Recchi and loses puck.
14:17 of 1st period - Snap shot by Mark Recchi.
14:17 of 1st period - Stopped by Rick DiPietro without a rebound.
14:18 of 1st period - Joe Thornton wins face-off versus Chris Drury in Predators zone.
14:46 of 1st period - Snap shot by Alexander Ovechkin.
14:46 of 1st period - Shot Blocked by Danil Markov.
15:12 of 1st period - Slapshot by Vaclav Prospal.
15:12 of 1st period - Shot Misses the Net.
15:41 of 1st period - Wrist shot by Alexander Ovechkin.
15:41 of 1st period - Stopped by Martin Brodeur without a rebound.
15:42 of 1st period - Chris Drury wins face-off versus Mike Ribeiro in Wild zone.
15:47 of 1st period - Wrist shot by Chris Drury.
15:47 of 1st period - Stopped by Rick DiPietro with a rebound.
15:49 of 1st period - Snap shot by Chris Drury.
15:49 of 1st period - Stopped by Rick DiPietro without a rebound.
15:50 of 1st period - Chris Drury wins face-off versus Alexander Steen in Predators zone.
16:05 of 1st period - Wrist shot by Mark Recchi.
16:05 of 1st period - Shot Hit the Post.
16:17 of 1st period - Snap shot by Oleg Saprykin.
16:17 of 1st period - Shot Misses the Net.
16:45 of 1st period - Snap shot by Paul Mara.
16:45 of 1st period - Shot Misses the Net.
16:47 of 1st period - Slapshot by Paul Mara.
16:47 of 1st period - Stopped by Martin Brodeur with a rebound.
16:57 of 1st period - Slapshot by Nathan Dempsey.
16:57 of 1st period - Shot Blocked by Michael Grabner.
17:09 of 1st period - Snap shot by Mark Recchi.
17:09 of 1st period - Stopped by Rick DiPietro with a rebound.
17:35 of 1st period - Wrist shot by Adam Deadmarsh.
17:35 of 1st period - Shot Blocked by Mikael Samuelsson.
17:59 of 1st period - Kent Huskins is hit by Fredrik Modin and loses puck.
18:18 of 1st period - Wrist shot by Mark Recchi.
18:18 of 1st period - Stopped by Rick DiPietro without a rebound.
18:19 of 1st period - Vaclav Prospal wins face-off versus Joe Thornton in Predators zone.
18:49 of 1st period - Snap shot by Chris Drury.
18:49 of 1st period - Shot Misses the Net.
18:53 of 1st period - Snap shot by R.J. Umberger.
18:53 of 1st period - Stopped by Rick DiPietro without a rebound.
18:54 of 1st period - Chris Drury wins face-off versus Joe Thornton in Predators zone.
19:03 of 1st period - Snap shot by Joe Thornton.
19:03 of 1st period - Shot Misses the Net.
19:05 of 1st period - Wrist shot by Alexander Ovechkin.
19:05 of 1st period - Stopped by Martin Brodeur with a rebound.
19:07 of 1st period - Wrist shot by Joe Thornton.
19:07 of 1st period - Shot Misses the Net.
19:09 of 1st period - Snap shot by Joe Thornton.
19:09 of 1st period - Shot Blocked by Chris Drury.
19:19 of 1st period - Mike Green is hit by Mike Sillinger and loses puck.
19:26 of 1st period - Slapshot by Mike Sillinger.
19:26 of 1st period - Stopped by Martin Brodeur without a rebound.
19:27 of 1st period - Rod Brind'Amour wins face-off versus Joe Thornton in Wild zone.
2nd period
0:01 of 2nd period - Joe Thornton wins face-off versus Chris Drury in neutral zone.
0:26 of 2nd period - Ryan Mcdonagh is hit by Nathan Dempsey and loses puck.
0:33 of 2nd period - Snap shot by Chris Higgins.
0:33 of 2nd period - Stopped by Rick DiPietro with a rebound.
0:35 of 2nd period - Slapshot by Bret Hedican.
0:35 of 2nd period - Stopped by Rick DiPietro with a rebound.
0:50 of 2nd period - Fedor Tyutin is hit by Mikael Samuelsson and loses puck.
1:10 of 2nd period - Wrist shot by Mike Ricci.
1:10 of 2nd period - Stopped by Rick DiPietro with a rebound.
1:50 of 2nd period - Off-side.
1:51 of 2nd period - Mike Ribeiro wins face-off versus Rod Brind'Amour in neutral zone.
1:54 of 2nd period - Nathan Dempsey is hit by Paul Mara.
2:16 of 2nd period - Mark Recchi is hit by Joe Thornton.
2:44 of 2nd period - Wrist shot by Mikael Samuelsson.
2:44 of 2nd period - Stopped by Martin Brodeur with a rebound.
4:29 of 2nd period - Wrist shot by Anson Carter.
4:29 of 2nd period - Deflect By Jozef Stumpel.
4:29 of 2nd period - Shot Hit the Post.
4:29 of 2nd period - Puck is out of play.
4:30 of 2nd period - Joe Thornton wins face-off versus Chris Drury in Predators zone.
4:30 of 2nd period - Joe Thornton is hit by Fedor Tyutin.
4:37 of 2nd period - Icing by Alexander Ovechkin.
4:38 of 2nd period - Chris Drury wins face-off versus Joe Thornton in Predators zone.
4:58 of 2nd period - Off-side.
4:59 of 2nd period - Mike Ribeiro wins face-off versus Vaclav Prospal in neutral zone.
5:14 of 2nd period - Wrist shot by Michael Grabner.
5:14 of 2nd period - Shot Blocked by Bret Hedican.
5:49 of 2nd period - Adam Deadmarsh is hit by Adrian Aucoin and loses puck.
6:02 of 2nd period - Snap shot by Richard Park.
6:02 of 2nd period - Goal by Richard Park - Wild : 1 - Predators : 2.
6:03 of 2nd period - Chris Drury wins face-off versus Joe Thornton in neutral zone.
6:06 of 2nd period - Slapshot by Mike Green.
6:06 of 2nd period - Stopped by Rick DiPietro without a rebound.
6:07 of 2nd period - R.J. Umberger wins face-off versus Joe Thornton in Predators zone.
6:34 of 2nd period - Mike Green is hit by Adrian Aucoin and loses puck.
6:55 of 2nd period - Snap shot by Mike Ricci.
6:55 of 2nd period - Stopped by Rick DiPietro with a rebound.
7:10 of 2nd period - Icing by Oleg Saprykin.
7:11 of 2nd period - Rod Brind'Amour wins face-off versus Mike Sillinger in Predators zone.
7:18 of 2nd period - Snap shot by R.J. Umberger.
7:18 of 2nd period - Shot Misses the Net.
7:24 of 2nd period - Slapshot by R.J. Umberger.
7:24 of 2nd period - Stopped by Rick DiPietro with a rebound.
7:26 of 2nd period - Backhand shot by Niclas Wallin.
7:26 of 2nd period - Shot Misses the Net.
7:36 of 2nd period - Alexander Ovechkin is hit by Niclas Wallin and loses puck.
8:35 of 2nd period - Chris Drury is hit by Barret Jackman and loses puck.
8:54 of 2nd period - Mikael Samuelsson is hit by Jozef Stumpel and loses puck.
9:20 of 2nd period - Kent Huskins is hit by Danil Markov and loses puck.
9:37 of 2nd period - Slapshot by Michael Grabner.
9:37 of 2nd period - Shot Misses the Net.
10:00 of 2nd period - Chris Drury is hit by Barret Jackman and loses puck.
10:23 of 2nd period - Wrist shot by Jozef Stumpel.
10:23 of 2nd period - Shot Blocked by Barret Jackman.
10:41 of 2nd period - Todd White is hit by Rod Brind'Amour and loses puck.
11:06 of 2nd period - Snap shot by Alexander Steen.
11:06 of 2nd period - Deflect By Michael Grabner.
11:06 of 2nd period - Shot Blocked by Bret Hedican.
11:06 of 2nd period - Puck is out of play.
11:07 of 2nd period - R.J. Umberger wins face-off versus Mike Ribeiro in Wild zone.
11:07 of 2nd period - R.J. Umberger is hit by Adrian Aucoin.
11:33 of 2nd period - Alexander Ovechkin is hit by Anson Carter.
12:04 of 2nd period - Wrist shot by Mikael Samuelsson.
12:04 of 2nd period - Stopped by Martin Brodeur with a rebound.
12:35 of 2nd period - Rod Brind'Amour is hit by Mike Ribeiro and loses puck.
12:42 of 2nd period - Wrist shot by Michael Grabner.
12:42 of 2nd period - Shot Blocked by Rod Brind'Amour.
12:45 of 2nd period - Icing by Fedor Tyutin.
12:46 of 2nd period - Rod Brind'Amour wins face-off versus Joe Thornton in Wild zone.
12:55 of 2nd period - Snap shot by Rod Brind'Amour.
12:55 of 2nd period - Shot Misses the Net.
12:57 of 2nd period - Slapshot by Fedor Tyutin.
12:57 of 2nd period - Shot Misses the Net.
12:59 of 2nd period - Snap shot by Adam Deadmarsh.
12:59 of 2nd period - Deflect By Rod Brind'Amour.
12:59 of 2nd period - Shot Misses the Net.
12:59 of 2nd period - Puck is out of play.
13:00 of 2nd period - Chris Drury wins face-off versus Joe Thornton in Predators zone.
13:09 of 2nd period - Slapshot by Chris Drury.
13:09 of 2nd period - Goal by Chris Drury - Wild : 2 - Predators : 2.
13:10 of 2nd period - Joe Thornton wins face-off versus Chris Drury in neutral zone.
14:05 of 2nd period - Slapshot by Adam Deadmarsh.
14:05 of 2nd period - Deflect By Rod Brind'Amour.
14:05 of 2nd period - Shot Misses the Net.
14:05 of 2nd period - Puck is out of play.
14:06 of 2nd period - Joe Thornton wins face-off versus Chris Drury in Predators zone.
14:13 of 2nd period - Wrist shot by Jean-Pierre Dumont.
14:13 of 2nd period - Stopped by Martin Brodeur with a rebound.
14:21 of 2nd period - R.J. Umberger is hit by Adrian Aucoin.
14:33 of 2nd period - Fedor Tyutin is hit by Alexander Steen.
15:13 of 2nd period - Richard Park is hit by R.J. Umberger and loses puck.
15:36 of 2nd period - Off-side.
15:37 of 2nd period - Vaclav Prospal wins face-off versus Joe Thornton in neutral zone.
15:46 of 2nd period - Wrist shot by Jozef Stumpel.
15:46 of 2nd period - Stopped by Rick DiPietro without a rebound.
15:47 of 2nd period - Joe Thornton wins face-off versus Vaclav Prospal in Predators zone.
15:52 of 2nd period - Slapshot by Vaclav Prospal.
15:52 of 2nd period - Shot Blocked by Robyn Regehr.
15:54 of 2nd period - Snap shot by Anson Carter.
15:54 of 2nd period - Shot Blocked by Barret Jackman.
15:56 of 2nd period - Snap shot by Vaclav Prospal.
15:56 of 2nd period - Shot Blocked by Robyn Regehr.
15:58 of 2nd period - Wrist shot by Vaclav Prospal.
15:58 of 2nd period - Stopped by Rick DiPietro with a rebound.
16:00 of 2nd period - Slapshot by Jozef Stumpel.
16:00 of 2nd period - Stopped by Rick DiPietro without a rebound.
16:01 of 2nd period - Chris Drury wins face-off versus Alexander Ovechkin in Predators zone.
16:02 of 2nd period - Wrist shot by Mark Recchi.
16:02 of 2nd period - Goal by Mark Recchi - Wild : 3 - Predators : 2.
16:03 of 2nd period - Joe Thornton wins face-off versus Chris Drury in neutral zone.
16:53 of 2nd period - Mariusz Czerkawski is hit by Fedor Tyutin.
17:08 of 2nd period - Icing by Robyn Regehr.
17:09 of 2nd period - Mike Ricci wins face-off versus Todd White in Predators zone.
17:10 of 2nd period - Snap shot by Mike Knuble.
17:10 of 2nd period - Stopped by Rick DiPietro without a rebound.
17:11 of 2nd period - Joe Thornton wins face-off versus Chris Drury in Predators zone.
17:11 of 2nd period - Joe Thornton is hit by Chris Drury.
17:19 of 2nd period - Chris Drury is hit by Joe Thornton and loses puck.
18:31 of 2nd period - Snap shot by Jean-Pierre Dumont.
18:31 of 2nd period - Shot Blocked by Fedor Tyutin.
18:33 of 2nd period - Wrist shot by Alexander Ovechkin.
18:33 of 2nd period - Shot Misses the Net.
18:35 of 2nd period - Slapshot by Paul Mara.
18:35 of 2nd period - Deflect By Jean-Pierre Dumont.
18:35 of 2nd period - Deflect By Bret Hedican.
18:35 of 2nd period - Shot Blocked by Bret Hedican.
18:35 of 2nd period - Puck is out of play.
18:36 of 2nd period - Mike Ribeiro wins face-off versus R.J. Umberger in Wild zone.
18:39 of 2nd period - Slapshot by Adrian Aucoin.
18:39 of 2nd period - Stopped by Martin Brodeur with a rebound.
18:42 of 2nd period - Icing by Nathan Dempsey.
18:43 of 2nd period - Chris Drury wins face-off versus Mike Ribeiro in Wild zone.
18:50 of 2nd period - Backhand shot by Mike Green.
18:50 of 2nd period - Shot Misses the Net.
19:28 of 2nd period - Alexander Ovechkin is hit by Nathan Dempsey and loses puck.
19:34 of 2nd period - Minor Penalty to Jean-Pierre Dumont for Hooking.
19:35 of 2nd period - Todd White wins face-off versus Chris Drury in Predators zone.
3rd period
0:01 of 3rd period - Chris Drury wins face-off versus Mike Sillinger in neutral zone.
1:06 of 3rd period - Mike Sillinger is hit by Fedor Tyutin.
1:34 of 3rd period - Penalty to Jean-Pierre Dumont is over, Jean-Pierre Dumont is back on ice.
2:07 of 3rd period - Wrist shot by Jean-Pierre Dumont.
2:07 of 3rd period - Shot Blocked by Niclas Wallin.
2:37 of 3rd period - Ryan Mcdonagh is hit by Vaclav Prospal and loses puck.
3:10 of 3rd period - Icing by Bret Hedican.
3:11 of 3rd period - Todd White wins face-off versus Chris Drury in Wild zone.
3:32 of 3rd period - Alexander Steen is hit by Vaclav Prospal and loses puck.
3:39 of 3rd period - Snap shot by Jozef Stumpel.
3:39 of 3rd period - Shot Misses the Net.
3:41 of 3rd period - Wrist shot by Bret Hedican.
3:41 of 3rd period - Shot Misses the Net.
4:15 of 3rd period - Oleg Saprykin is hit by Chris Drury and loses puck.
4:19 of 3rd period - Icing by Paul Mara.
4:20 of 3rd period - Chris Drury wins face-off versus Mike Sillinger in Predators zone.
4:57 of 3rd period - Wrist shot by Mike Sillinger.
4:57 of 3rd period - Shot Blocked by Mark Recchi.
4:59 of 3rd period - Slapshot by Paul Mara.
4:59 of 3rd period - Deflect By Oleg Saprykin.
4:59 of 3rd period - Shot Blocked by Danil Markov.
4:59 of 3rd period - Puck is out of play.
5:00 of 3rd period - Joe Thornton wins face-off versus Vaclav Prospal in Wild zone.
5:11 of 3rd period - Joe Thornton is hit by Jozef Stumpel and loses puck.
5:16 of 3rd period - Snap shot by Vaclav Prospal.
5:16 of 3rd period - Deflect By Alexander Ovechkin.
5:16 of 3rd period - Stopped by Rick DiPietro with a rebound.
6:35 of 3rd period - Snap shot by Mike Ribeiro.
6:35 of 3rd period - Shot Blocked by Vaclav Prospal.
6:37 of 3rd period - Backhand shot by Alexander Steen.
6:37 of 3rd period - Shot Misses the Net.
6:39 of 3rd period - Wrist shot by Mike Ribeiro.
6:39 of 3rd period - Stopped by Martin Brodeur with a rebound.
6:57 of 3rd period - Slapshot by Vaclav Prospal.
6:57 of 3rd period - Shot Blocked by Jean-Pierre Dumont.
7:02 of 3rd period - Off-side.
7:03 of 3rd period - Chris Drury wins face-off versus Mike Ribeiro in neutral zone.
7:35 of 3rd period - Snap shot by Adam Deadmarsh.
7:35 of 3rd period - Shot Misses the Net.
7:59 of 3rd period - Slapshot by Joe Thornton.
7:59 of 3rd period - Stopped by Martin Brodeur with a rebound.
8:01 of 3rd period - Snap shot by Kent Huskins.
8:01 of 3rd period - Stopped by Martin Brodeur without a rebound.
8:02 of 3rd period - Mike Ribeiro wins face-off versus Chris Drury in Wild zone.
8:17 of 3rd period - Slapshot by Mike Ribeiro.
8:17 of 3rd period - Goal by Mike Ribeiro - Wild : 3 - Predators : 3.
8:18 of 3rd period - Joe Thornton wins face-off versus Chris Drury in neutral zone.
8:21 of 3rd period - Mike Green is hit by Joe Thornton and loses puck.
8:32 of 3rd period - Jean-Pierre Dumont is hit by R.J. Umberger and loses puck.
9:11 of 3rd period - Barret Jackman is hit by Mike Green and loses puck.
9:16 of 3rd period - Wrist shot by Adam Deadmarsh.
9:16 of 3rd period - Shot Misses the Net.
9:18 of 3rd period - Slapshot by Adam Deadmarsh.
9:18 of 3rd period - Shot Blocked by Robyn Regehr.
9:20 of 3rd period - Slapshot by Nathan Dempsey.
9:20 of 3rd period - Stopped by Rick DiPietro with a rebound.
9:22 of 3rd period - Wrist shot by Adam Deadmarsh.
9:22 of 3rd period - Goal by Adam Deadmarsh - Wild : 4 - Predators : 3.
9:23 of 3rd period - Joe Thornton wins face-off versus Chris Drury in neutral zone.
9:36 of 3rd period - Snap shot by R.J. Umberger.
9:36 of 3rd period - Stopped by Rick DiPietro without a rebound.
9:37 of 3rd period - Chris Drury wins face-off versus Joe Thornton in Predators zone.
9:54 of 3rd period - Nathan Dempsey is hit by Adrian Aucoin and loses puck.
10:54 of 3rd period - Wrist shot by Mariusz Czerkawski.
10:54 of 3rd period - Shot Blocked by Mike Knuble.
11:20 of 3rd period - Minor Penalty to Vaclav Prospal for Diving.
11:21 of 3rd period - Rod Brind'Amour wins face-off versus Joe Thornton in Wild zone.
11:30 of 3rd period - Adrian Aucoin is hit by Rod Brind'Amour and loses puck.
13:20 of 3rd period - Penalty to Vaclav Prospal is over, Vaclav Prospal is back on ice.
14:12 of 3rd period - Fredrik Modin is hit by Richard Park and loses puck.
16:20 of 3rd period - Adrian Aucoin is hit by Rod Brind'Amour and loses puck.
17:12 of 3rd period - Joe Thornton is hit by Mike Knuble and loses puck.
17:33 of 3rd period - Slapshot by Mark Recchi.
17:33 of 3rd period - Shot Blocked by Mariusz Czerkawski.
18:11 of 3rd period - Wrist shot by Mikael Samuelsson.
18:11 of 3rd period - Stopped by Martin Brodeur with a rebound.
18:27 of 3rd period - Vaclav Prospal is hit by Alexander Steen.
18:43 of 3rd period - Wrist shot by Chris Higgins.
18:43 of 3rd period - Deflect By Adam Deadmarsh.
18:43 of 3rd period - Stopped by Rick DiPietro with a rebound.
18:45 of 3rd period - Snap shot by Danil Markov.
18:45 of 3rd period - Shot Misses the Net.
18:47 of 3rd period - Snap shot by Chris Higgins.
18:47 of 3rd period - Shot Misses the Net.
19:21 of 3rd period - Predators, Rick DiPietro is pulled from the net.
19:25 of 3rd period - Wrist shot by Alexander Ovechkin.
19:25 of 3rd period - Stopped by Martin Brodeur with a rebound.
Output by the SimonT Hockey Simulator (STHS) for François Prévost -- Original Page W3C XHTML 1.0 Valid